 Dungeon Crawl Stone Soup version 0.21.0 (webtiles) character file.

408 Hekarica the Sneak (level 6, -1/32 HPs)
             Began as a Spriggan Assassin on May 17, 2018.
             Shot with an arrow by a centaur (15 damage)
             ... on level 5 of the Dungeon.
             The game lasted 01:11:27 (6917 turns).

Hekarica the Sneak (Spriggan Assassin)              Turns: 6917, Time: 01:11:27

Health: -1/32      AC:  5    Str:  7    XL:     6   Next: 57%
Magic:  7/7        EV: 21    Int: 13    God:
Gold:   143        SH:  0    Dex: 19    Spells: 5/5 levels left

rFire    . . .     SeeInvis +   a - +2 dagger
rCold    . . .     Gourm    .   (shield restricted)
rNeg     . . .     Faith    +   c - +0 robe
rPois    .         Spirit   .   r - +2 hat {MR+}
rElec    .         Reflect  .   d - +0 cloak
rCorr    +         Harm     .   (gloves unavailable)
MR       ++...                  (boots unavailable)
Stlth    ++++......             j - amulet of faith
HPRegen  0.10/turn              h - ring of resist corrosion
MPRegen  0.10/turn              (no ring)

@: very quick
A: very small, unfitting armour, see invisible, herbivore, speed 3, slow
metabolism 2
a: no special abilities


You were on level 5 of the Dungeon.
You were not hungry.

You visited 1 branch of the dungeon, and saw 5 of its levels.

You collected 437 gold pieces.
You spent 294 gold pieces at shops.

Inventory:

Hand Weapons
 a - a +2 dagger (weapon)
 b - a +1 blowgun
 o - a +0 long sword
 q - a +0 whip of draining
 t - a +0 rapier
 v - a +0 short sword
Missiles
 e - 48 poisoned needles
 f - 2 curare-tipped needles
Armour
 c - a +0 robe (worn)
 d - a +0 cloak (worn)
 l - a +0 robe
 r - a +2 hat of magic resistance (worn)
Jewellery
 h - a ring of resist corrosion (left hand)
 j - an amulet of faith (around neck)
Wands
 u - a wand of iceblast (8)
Scrolls
 i - a scroll of blinking
 k - 2 scrolls of remove curse
 m - 4 scrolls of identify
 p - 2 scrolls of teleportation
 x - a scroll of enchant weapon
Potions
 n - a potion of curing
 s - a potion of agility
 w - a potion of might {unknown}
Comestibles
 g - 6 rations


   Skills:
 + Level 2.6 Fighting
 + Level 3.6 Short Blades
 + Level 3.3 Throwing
 * Level 5.3 Dodging
 + Level 7.7 Stealth


You had 5 spell levels left.
You didn't know any spells.

Dungeon Overview and Level Annotations

Branches:
Dungeon (5/15)
 Temple: D:4-7

Altars:
Qazlal

Shops:
D:4 [

Annotations:
D:1 1 exclusion
D:3 MaxwellPower's ghost, amateur MiAK; Natasha; Terence
D:4 Edmund


Innate Abilities, Weirdness & Mutations

You are very small and have problems with some larger weapons.
You are too small for most types of armour.
You have supernaturally acute eyesight. (SInv)
You are a herbivore.
You cover ground extremely quickly.
You need consume almost no food.


Message History

You hit the worker ant but do no damage.
The centaur shoots an arrow.
The arrow misses you. The worker ant misses you.
You hit the worker ant but do no damage.
The centaur shoots an arrow.
The arrow barely misses you. The worker ant closely misses you.
You hit the worker ant.
The worker ant is lightly wounded.
The centaur shoots an arrow.
The arrow closely misses you. The worker ant barely misses you.
You feel better.
The centaur shoots an arrow.
The arrow misses you. The worker ant completely misses you.
The centaur shoots an arrow.
The arrow misses you.
You hit the worker ant.
The worker ant is moderately wounded.
The worker ant completely misses you.
The centaur shoots an arrow.
The arrow completely misses you.
You hit the worker ant but do no damage.
The worker ant is moderately wounded.
The worker ant misses you.
The centaur shoots an arrow.
The arrow hits you!
You die...

###### #(# #....# #c#
#....# #(# ###..###.#
#.#..#..(#####.#
#.#..........#.# #
#.†....#.....#.#.# .
#.#.####.#####.#. .###
#.#..(##.@a......
...#########.########.##
##...........########.#
.....................>#
.#.#.####.###########.#
.#)#.#.........lW.l.#.#
.#.#....#.#########.#.#
.#.######.### #.#.# .#.#
#....# #.#.#


You could see a centaur and a worker ant.

Vanquished Creatures
  Blork the orc (D:4)
  2 scorpions
  A hound (D:4)
  A bullfrog skeleton (D:5)
  2 gnolls (D:5)
  9 adders
  A shadow imp (D:5)
  An ooze (D:2)
  2 worms
  A leopard gecko (D:3)
  2 orcs (D:3)
  6 bats
  4 giant cockroaches
  6 goblins
  5 hobgoblins
  16 jackals
  2 quokkas
  4 frilled lizards
  A jackal zombie (D:5)
  5 kobolds
  A quokka skeleton (D:5)
  2 rats (D:3)
  4 fungi (D:1)
79 creatures vanquished.

Notes
Turn   | Place    | Note
-------+----------+-------------------------------------------
     0 | D:1      | Hekarica the Spriggan Assassin began the quest for the Orb.
     0 | D:1      | Reached XP level 1. HP: 10/10 MP: 2/2
   513 | D:1      | Reached skill level 6 in Stealth
  1061 | D:1      | Reached XP level 2. HP: 15/15 MP: 3/3
  1688 | D:2      | Found a stormy altar of Qazlal.
  2434 | D:2      | Reached XP level 3. HP: 16/18 MP: 4/4
  3938 | D:3      | Reached XP level 4. HP: 23/23 MP: 5/5
  4042 | D:3      | Noticed MaxwellPower's ghost (amateur MiAK)
  4430 | D:3      | Noticed a sky beast
  4437 | D:3      | Noticed Terence
  4448 | D:3      | Noticed Natasha
  4871 | D:4      | Noticed a phantom
  4946 | D:4      | Reached skill level 7 in Stealth
  5036 | D:4      | Reached XP level 5. HP: 26/26 MP: 6/6
  5439 | D:4      | Found Banem's Armour Boutique.
  5638 | D:4      | Noticed Blork the orc
  5643 | D:4      | Killed Blork the orc
  5717 | D:4      | Reached XP level 6. HP: 28/32 MP: 7/7
  5736 | D:4      | Noticed Edmund
  5944 | D:4      | Bought a +2 hat of magic resistance for 294 gold pieces
  5987 | D:5      | Entered Level 5 of the Dungeon
  6292 | D:5      | Reached skill level 5 in Dodging
  6592 | D:5      | Noticed an ice beast
  6917 | D:5      | Shot with an arrow by a centaur

Skill      XL: |  1  2  3  4  5  6 |
---------------+-------------------+-----
Stealth        | 6 7 |  7.7
Dodging        | 2 3 4 5 |  5.3
Fighting       | 2 |  2.6
Short Blades   | 3 |  3.6
Throwing       | 3 |  3.3

Action                   |  1- 3 |  4- 6 || total
-------------------------+-------+-------++-------
Melee: Dagger            |   192 |   174 ||   366
       Unarmed           |       |     3 ||     3
 Fire: Blowgun           |    33 |    58 ||    91
  Use: Scroll            |     7 |     3 ||    10
       Potion            |     3 |     4 ||     7
 Stab: Sleeping          |     6 |     8 ||    14
  Eat: Ration            |     1 |     2 ||     3
Armor: Robe              |    23 |    19 ||    42
       Skin              |       |     1 ||     1
Dodge: Dodged            |   101 |   158 ||   259
